Map: Ulrena

Players

Clément

  • Race: Zerg Zerg
  • League: Gold

capac - Winner!

  • Race: Terran Terran
  • League: Gold

VOD

Have the link to the VOD?

Description

Time

  • Played on: March 8, 2016, 2:01 p.m.
  • Length: 7:54
Show
View Real Time Build Order
Export as new Build Order

Clément Zerg 

Build Orders: Hatch First 

Get SALT Encoding   

  12  0:02  Drone  
  13  0:14  Overlord  
  13  0:20  Drone  
  14  0:46  Hatchery  
  14  0:48  Drone  
  14  0:51  Drone  
  15  0:57  Drone  
  15  1:01  Drone  
  17  1:09  Drone  
  18  1:15  Extractor  
  17  1:20  Drone  
  18  1:30  Spawning Pool  
  18  1:31  Drone  
  18  1:57  Drone  
  18  1:59  Hatchery  
  18  2:00  Drone  
  19  2:04  Drone  
  19  2:07  Drone  
  21  2:11  Drone  
  23  2:15  Drone  
  23  2:22  Zergling x2  
  24  2:25  Zergling x2  
  24  2:28  Metabolic Boost  
  25  2:36  Queen  
  27  2:52  Overlord  
  27  2:54  Drone  
  28  3:09  Queen  
  28  3:13  Zergling x2  
  28  3:14  Drone  
  28  3:15  Drone x4  
  28  3:16  Drone  
  35  3:24  Queen  
  37  3:28  Queen  
  37  3:31  Drone  
  40  3:37  Baneling Nest, Drone  
  40  3:39  Drone  
  41  3:49  Overlord x2  
  41  4:06  Overlord  
  41  4:07  Drone  
  41  4:08  Drone x7  
  49  4:13  Drone  
  49  4:15  Drone  
  51  4:24  Drone  
  51  4:25  Drone x2  
  51  4:29  Extractor  
  53  4:34  Spore Crawler  
  53  4:36  Spore Crawler  
  53  4:38  Drone x4  
  53  4:40  Baneling  
  53  4:43  Baneling, Extractor x2  
  53  4:44  Baneling  
  53  4:46  Drone x4, Spore Crawler  
  53  4:49  Spore Crawler  
  53  4:52  Zergling x2  
  56  4:58  Drone  
  56  4:59  Drone x4  
  61  5:06  Evolution Chamber  
  60  5:10  Evolution Chamber  
  59  5:23  Drone  
  59  5:24  Drone x5  
  65  5:29  Spore Crawler  
  65  5:30  Overlord  
  65  5:31  Overlord x2, Extractor  
  65  5:32  Extractor  
  65  5:33  Zergling x8  
  65  5:45  Zergling x4  
  65  5:47  Zergling x6  
  62  5:52  Zergling x2  
  62  5:53  Zergling x8  
  62  5:54  Zergling x10  
  67  5:58  Zergling x2  
  67  5:59  Zergling x2  
  67  6:01  Zergling x2  
  66  6:09  Zergling x4  
  67  6:14  Zergling x2  
  67  6:18  Zergling x2  
  60  6:20  Zergling x2  
  60  6:21  Zergling x4  
  60  6:24  Zergling x4  
  59  6:30  Zergling x2  
  59  6:31  Zergling x2  
  59  6:37  Baneling x6  
  59  6:45  Drone  
  59  6:46  Drone x3  
  63  7:00  Drone  
  63  7:01  Drone x2  
  66  7:16  Queen x2  
  66  7:19  Drone x2  
  66  7:20  Drone x4  
  76  7:27  Baneling  
  76  7:28  Baneling x11  
Show
View Real Time Build Order
Export as new Build Order

capac Terran - Winner!

Build Orders:  

Get SALT Encoding   

  12  0:00  SCV  
  13  0:12  SCV  
  14  0:19  Supply Depot  
  14  0:25  SCV  
  15  0:40  SCV  
  16  0:42  Barracks  
  16  0:45  Refinery  
  16  0:58  SCV  
  17  1:15  SCV  
  18  1:27  SCV  
  19  1:37  Command Center  
  19  1:38  Barracks Reactor  
  19  1:39  SCV  
  20  1:51  SCV  
  21  1:55  Supply Depot  
  21  2:06  SCV  
  22  2:13  Barracks  
  22  2:16  Marine  
  22  2:17  Marine  
  24  2:24  Bunker  
  24  2:31  Orbital Command  
  24  2:37  Marine  
  24  2:38  Marine  
  26  2:52  Factory  
  26  3:05  Barracks Tech Lab  
  26  3:10  SCV  
  26  3:12  Refinery  
  27  3:14  Marine x2  
  29  3:21  Supply Depot  
  29  3:25  Marine  
  30  3:30  SCV  
  30  3:32  Orbital Command  
  31  3:42  Starport  
  31  3:44  Factory Reactor  
  31  3:47  Marine  
  32  3:51  Marine  
  32  3:53  SCV  
  34  4:01  Marine  
  35  4:06  SCV  
  35  4:07  SCV  
  35  4:08  Marine  
  35  4:09  Marine  
  39  4:15  Stimpack  
  39  4:18  SCV  
  40  4:31  Medivac x2  
  40  4:32  Marine x3  
  40  4:34  Factory Tech Lab  
  47  4:43  Supply Depot  
  47  4:46  Engineering Bay  
  47  4:47  SCV x2  
  47  4:49  Engineering Bay  
  47  4:50  Marine x2  
  47  4:51  Marine  
  52  4:59  SCV x2  
  54  5:05  Supply Depot  
  54  5:24  SCV x2  
  54  5:26  Siege Tank  
  54  5:27  Marine x3  
  60  5:52  Marine  
  60  5:53  Marine x2  
  61  6:10  Marine x2  
  61  6:11  Marine, Siege Tank  
  66  6:23  Medivac x2  
  63  6:28  Marine x2  
  63  6:35  Marine  
  64  6:41  Barracks  
  64  6:43  Barracks  
  64  6:45  Barracks  
  64  6:46  Marine x2  
  66  6:48  SCV x2  
  66  6:53  Marine  
  69  6:56  Supply Depot, Command Center  
  69  7:00  SCV  
  70  7:17  Marine, SCV  
Tags
 
League
GoldGold
Matchup
TvZ
Add a new tag
Caveats
  • Supply blocks, unpowered buildings, or Contaminate may cause inaccurate times.
  • Supply counts are checked every 10 seconds.